 Dungeon Crawl Stone Soup version 0.30-a0-859-gf88a04b62d (webtiles) character file.

Game seed: 5439325518230385017

77 jimonade the Magician (level 4, -1/33 HPs)
             Began as a Djinni Warper on Mar 6, 2023.
             Killed from afar by an orc wizard (5 damage)
             ... with a magic dart
             ... on level 3 of the Dungeon.
             The game lasted 00:02:51 (2132 turns).

jimonade the Magician (Djinni Warper)               Turns: 2132, Time: 00:02:52

Health: -1/33      AC:  3    Str: 12    XL:     4   Next: 60%
Gold:   127        EV: 12    Int: 14    God:
                   SH:  0    Dex: 13

rFire   + + .      SeeInvis +    l - +2 dagger (freeze)
rCold   x . .      Faith    .    (no shield)
rNeg    . . .      Spirit   .    b - +0 leather armour
rPois   ∞          Reflect  .    (no helmet)
rElec   .          Rampage  .    (no cloak)
rCorr   .                        (no gloves)
Will    .....                    (boots unavailable)
Stlth   +                        (no amulet)
HPRegen 0.25/turn                k - ring of see invisible
MPRegen 0.00/turn                (no ring)

@: flying
A: sickness immunity, fire resistance 2, cold vulnerability 1, float, innate
caster, HP casting, extra vitality 1
a: no special abilities


You were on level 3 of the Dungeon.
You visited 1 branch of the dungeon, and saw 3 of its levels.

You collected 127 gold pieces.

Inventory:

Hand Weapons
 a - a +0 spear
 g - a +0 dagger of holy wrath
 l - a +2 dagger of freezing (weapon)
Missiles
 d - 7 boomerangs of dispersal
 t - a throwing net
Armour
 b - a +0 leather armour (worn)
Jewellery
 k - a ring of see invisible (left hand)
Scrolls
 c - a scroll of blinking
 j - 2 scrolls of vulnerability {unknown}
 n - a scroll of enchant armour {unknown}
 o - a scroll of poison {unknown}
 p - a scroll of teleportation {unknown}
 q - a scroll of fog {unknown}
 r - a scroll of enchant weapon {unknown}
Potions
 e - a potion of mutation {unknown}
 f - a potion of lignification {unknown}
 h - a potion of ambrosia {unknown}
 i - 2 potions of curing {unknown}
 m - a potion of cancellation {unknown}
 s - a potion of magic {unknown}
 u - a potion of brilliance {unknown}
 v - a potion of haste {unknown}


   Skills:
 - Level 2.0 Fighting
 - Level 2.7 Polearms
 - Level 0.7 Throwing
 - Level 1.0 Armour
 - Level 2.1 Dodging
 + Level 3.3 Spellcasting


You knew the following spells:

 Your Spells              Type           Power      Damage    Failure   Level
a - Blink                 Tloc           22%        N/A       10%         2
b - Lesser Beckoning      Tloc           22%        N/A       10%         2
c - Vhi's Electric Charg  Tloc/Air       22%        N/A       21%         3
d - Teleport Other        Tloc           11%        N/A       21%         3
e - Manifold Assault      Tloc           11%        N/A       54%         4
f - Foxfire               Conj/Fire      44%        2x1d6     7%          1
Your spell library was empty.

Dungeon Overview and Level Annotations

Branches:
Dungeon (3/15)

Altars:
Fedhas


Innate Abilities, Weirdness & Mutations

You are immune to sickness and miasma.
You are immune to poison.
Your flesh is very heat resistant. (rF++)
You are vulnerable to cold. (rC-)
You float through the air rather than walking.
You learn spells naturally, not from books.
Your magical power is your life essence.
You have superior vitality. (+4 MHP)


Message History

The orc attacks as you move away! The orc hits you with a +0 club.
The orc attacks as you move away! The orc misses you.
The orc attacks as you move away! The orc hits you with a +0 club.
The orc attacks as you move away! The orc closely misses you.
The orc attacks as you move away! The orc hits you with a +0 club.
Found 7 stones.
The orc attacks as you move away! The orc barely misses you.
The orc attacks as you move away! The orc misses you.
The orc attacks as you move away! The orc barely misses you.
The orc attacks as you move away! The orc hits you with a +0 club.
The orc attacks as you move away! The orc closely misses you.
You are too injured to fight recklessly!
The orc attacks as you move away! The orc closely misses you.
You barely miss the orc.
The orc is severely wounded.
The orc hits you but does no damage.
You hit the orc. You freeze the orc.
You kill the orc!
You closely miss the orc. The orc closely misses you.
You barely miss the orc. The orc hits you with a +0 hand axe.
You closely miss the orc. The orc hits you with a +0 hand axe.
* * * LOW HITPOINT WARNING * * *
You hit the orc. You freeze the orc.
The orc is heavily wounded.
The orc hits you with a +0 hand axe.
* * * LOW HITPOINT WARNING * * *
The orc wizard mumbles some strange words.
The orc wizard flickers and vanishes for a moment.
You hit the orc. You freeze the orc.
The orc is almost dead.
The orc misses you.
You closely miss the orc.
The orc is almost dead.
The orc closely misses you.
You hit the orc. You freeze the orc.
You kill the orc!
You hit the orc wizard but do no damage.
The orc wizard gestures at you while chanting.
The magic dart hits you.
You die...

### #.. ############## #.#
#............# #.# ###
#.##########.#########.# #..
#.##########...........# #.#
####.#.........#########..#####[#
.......#######..@o......).......#
.............###########.........
####.#.####..# ..........######
#.#.# #######..## # #.#<# # #.o#
# #.#.< ....#..####### ..#.#
#..(......o... #.#.#
#.#.########## #. #


You could see an orc wizard (invisible).

Vanquished Creatures
  An adder (D:2)
  2 dart slugs (D:1)
  4 orcs (D:3)
  7 ball pythons
  5 bats
  4 endoplasms
  3 giant cockroaches
  4 goblins
  5 hobgoblins
  4 jackals (D:1)
  2 quokkas (D:2)
  2 frilled lizards (D:1)
  3 kobolds
  9 rats
55 creatures vanquished.

Vanquished Creatures (collateral kills)
  A foxfire (D:3)
1 creature vanquished.

Vanquished Creatures (others)
  75 foxfires
75 creatures vanquished.

Grand Total: 131 creatures vanquished

Notes
Turn   | Place    | Note
-------+----------+-------------------------------------------
     0 | D:1      | jimonade the Djinni Warper began the quest for the Orb.
     0 | D:1      | jimonade set off with the following spells memorised:
                  | Blink, Lesser Beckoning, Vhi's Electric Charge, Teleport
                  | Other, Manifold Assault.
     0 | D:1      | Reached XP level 1. HP: 18/18 MP: 0/0
   133 | D:1      | Reached XP level 2. HP: 23/23 MP: 0/0
   662 | D:1      | Reached skill level 3 in Spellcasting
   662 | D:1      | Reached XP level 3. HP: 23/28 MP: 0/0
   662 | D:1      | Learned a level 1 spell: Foxfire
  1085 | D:2      | Found a blossoming altar of Fedhas.
  1146 | D:2      | Found a faded altar of an unknown god.
  1204 | D:2      | Reached XP level 4. HP: 31/33 MP: 0/0
  2132 | D:3      | Killed from afar by an orc wizard

Illustrated notes

Levels and vault maps discovered:
D:1:      amcnicky_arrival_feature_with_door, layout_basic
D:2:      layout_basic, hellmonk_ecumenical_altar_crossroads, basic_altar
D:3:      layout_loops_ring, st_stairs_5, minmay_hedge_maze,
          minmay_goblin_outpost, uniq_crazy_yiuf_cottage

Skill      XL: |  1  2 |
---------------+-------+-----
Polearms       | 2 |  2.7
Spellcasting   | 3 |  3.3
Fighting       | |  2.0
Throwing       | |  0.7
Armour         | |  1.0
Dodging        | |  2.1

Action                     |  1- 3 |  4- 6 || total
---------------------------+-------+-------++-------
  Melee: Spear             |    95 |       ||    95
         Dagger            |    17 |    15 ||    32
   Cast: Foxfire           |     3 |    49 ||    52
 Armour: Leather armour    |    23 |     3 ||    26
  Dodge: Dodged            |    53 |    16 ||    69

Table legend: (Time is in decaauts)
 A = Elapsed time spent in this place.
 B = Non-inter-level travel time spent in this place.
 C = Inter-level travel time spent in this place.
 D = Time resting spent in this place.
 E = Time spent auto-exploring this place.
 F = Levels seen in this place.
 G = Mean time per level.
                   A        B        C        D        E       F      G
               +--------+--------+--------+--------+--------+-----+--------+
         Total |   2131 |   2065 |     66 |      0 |   1685 |   3 |  710.3 |
       Dungeon |   2131 |   2065 |     66 |      0 |   1685 |   3 |  710.3 |
               +--------+--------+--------+--------+--------+-----+--------+

Top non-repeatable levels by time:
     D:1: 1053 daAuts
     D:2: 785 daAuts
     D:3: 292 daAuts
